 Dungeon Crawl Stone Soup version bcrawl-1.19.2-6-g6a88ae04c9 (webtiles) character file.

Game seed: 2352569173109392098

4329 Freyura the Basher (level 10, 0/64 HPs)
             Began as a Gargoyle Fighter on Jan 3, 2020.
             Was a Follower of Ashenzari.
             Slain by a white ugly thing (25 damage)
             ... on level 7 of the Dungeon.
             The game lasted 00:25:55 (8326 turns).

Freyura the Basher (Gargoyle Fighter)               Turns: 8326, Time: 00:25:56

Health: 0/64       AC: 24    Str: 22    XL:     10   Next: 33%
Magic:  12/12      EV:  8    Int: 10    God:    Ashenzari [*.....]
Gold:   460        SH: 11    Dex: 16    Spells: 9/9 levels left

rFire    . . .     SeeInvis .   a - +0 flail (curse)
rCold    . . .     Gourm    .   c - +0 shield (curse)
rNeg     + . .     Faith    .   E - +0 chain mail (curse)
rPois    ∞         Spirit   .   d - +0 helmet (curse)
rElec    +         Reflect  .   (no cloak)
rCorr    .         Harm     .   i - +0 pair of gloves (curse)
MR       .....                  p - +0 pair of boots (curse)
Stlth    ..........             (no amulet)
HPRegen  0.20/turn              g - +3 ring of strength (curse)
MPRegen  0.13/turn              n - +4 ring of dexterity (curse)

@: no status effects
A: hooves 1, slimy green scales 1, negative energy resistance 1, electricity
resistance, unbreathing, petrification resistance, rot immunity, AC +7
a: Curse Item, Scrying, Renounce Religion


You were on level 7 of the Dungeon.
You worshipped Ashenzari.
Ashenzari was aware of your devotion.
You were hungry.

You visited 2 branches of the dungeon, and saw 9 of its levels.

You collected 460 gold pieces.

Inventory:

Hand Weapons
 a - a cursed +0 flail (weapon)
Armour
 b - a +0 scale mail
 c - a cursed +0 shield (worn)
 d - a cursed +0 helmet (worn)
 i - a cursed +0 pair of gloves (worn)
 p - a cursed +0 pair of boots (worn)
 E - a cursed +0 chain mail (worn)
Jewellery
 g - a cursed +3 ring of strength (left hand)
 n - a cursed +4 ring of dexterity (right hand)
 o - a +4 ring of protection
 v - an uncursed ring of resist corrosion
Wands
 s - a wand of enslavement (6)
 x - a wand of scattershot (11)
 B - a wand of paralysis (11)
 D - a wand of disintegration (16)
Scrolls
 h - 3 scrolls of remove curse {unknown}
 j - a scroll of immolation {unknown}
 q - a scroll of enchant armour {unknown}
 r - a scroll of identify
 t - a scroll of noise {unknown}
 y - 2 scrolls of teleportation {unknown}
 F - a scroll of acquirement {unknown}
Potions
 e - 2 potions of mutation
 k - a potion of heal wounds
 l - 2 potions of curing
 u - a potion of ambrosia
 w - 2 potions of agility
 z - a potion of cancellation {unknown}
 A - a potion of magic {unknown}
 C - a potion of brilliance {unknown}
Comestibles
 f - 2 rations {!d}


   Skills:
 + Level 7.8 Fighting
 * Level 8.5 Maces & Flails
 + Level 7.8 Armour
 + Level 2.7 Dodging
 + Level 7.8 Shields
 + Level 3.0 Evocations


You had 9 spell levels left.
You didn't know any spells.
Your spell library contained the following spells:

 Spells                   Type           Power        Failure   Level  Hunger
 Confuse                  Hex            #.......     100%        3    ####...
 Dazzling Spray           Conj/Hex       #.....       100%        3    ####...
 Petrify                  Tmut/Erth      #.......     100%        4    #####..
 Yara's Violent Unravell  Hex/Tmut       #.........   100%        4    #####..
 Metabolic Englaciation   Hex/Ice        #.........   100%        5    ######.
 Mana Rupture             Conj/Hex       #.........   100%        7    #######


Dungeon Overview and Level Annotations

Branches:
Dungeon (8/12)             Temple (1/1) D:7             Orc (0/1) D:8
   Lair: D:7-9

Altars:
Ashenzari
Cheibriados
Dithmenos
Elyvilon
Fedhas
Gozag
Hepliaklqana
Kikubaaqudgha
Lugonu
Nemelex Xobeh
Okawaru
Qazlal
Ru
Sif Muna
Trog
Uskayaw
Vehumet
Wu Jian
Xom
Yredelemnul
Zin
The Shining One


Innate Abilities, Weirdness & Mutations

You are resistant to torment.
Your stone body is resilient. (AC +7)
You are immune to poison.
You resist negative energy. (rN+)
You are resistant to electric shocks. (rElec)
You can survive without breathing.
You are immune to petrification.
You are immune to rotting.
You have large cloven feet.
You are partially covered in slimy green scales. (AC +2)


Message History

You block the ogre's attack.
The white ugly thing trunk-slaps you but does no damage.
There is a stone staircase leading up here.
The white ugly thing trunk-slaps you but does no damage.
The orc hits you but does no damage. The ogre hits you but does no damage.
You climb upwards.
There is a stone staircase leading down here.
You hit the orc.
The orc is moderately wounded.
You block the orc's attack.
You hit the orc but do no damage.
The orc is moderately wounded.
You block the orc's attack.
You hit the orc.
The orc is almost dead.
You block the orc's attack.
You hit the orc.
You kill the orc!
The white ugly thing trunk-slaps you. The white ugly thing freezes you!!
You die...

...# #.##.###..####.####### #
#### #[...................#
#.##.###.#########.#.#
#.##.###.## #.#.# #.........#
#.#.# ####....#.# #.#.# ####.O.#
#.#.# ##u## #.#.# ## #########
#@# ######.#.###⌠ ........# #)#
#...##.#.##_. #######.#
#.####.#.##.#.#### #.##
#.##...#......##..
#######..#######.##.#####.....###
......#...#.....#.<...#.....###..
...#..#........###....#.###.# ###
[...._###..##.## ##.#...###.####.
...#..# #.....# ##..........###


You could see a white ugly thing and an ogre.

Vanquished Creatures
  A troll (D:7)
  Grinder (D:6)
  A hippogriff (D:6)
  Sigmund (D:6)
  4 yaks (D:6)
  A wyvern (D:8)
  Eustachio (D:4)
  A hungry ghost (D:6)
  An ice beast (D:7)
  5 necrophages
  4 phantoms
  2 ogres
  A centaur (D:5)
  A big kobold (D:7)
  5 killer bees (D:6)
  A howler monkey (D:8)
  A jelly (D:7)
  A centaur zombie (D:7)
  3 crimson imps
  4 hounds
  A centaur skeleton (D:5)
  2 orc priests
  9 orc wizards
  A bullfrog skeleton (D:3)
  An iguana (D:3)
  8 worker ants
  A hound zombie (D:4)
  A hound skeleton (D:5)
  Robin (D:4)
  2 worker ant zombies
  A howler monkey skeleton (D:4)
  9 adders
  An adder zombie (D:6)
  2 adder skeletons
  2 worms
  4 dart slugs
  5 leopard geckos
  20 orcs
  4 giant cockroaches
  17 goblins
  9 hobgoblins
  10 jackals
  5 quokkas
  5 bats
  4 frilled lizards
  9 kobolds
  A quokka skeleton (D:4)
  8 rats
183 creatures vanquished.

Vanquished Creatures (others)
  An orc wizard (D:6)
  An orc (D:3)
  2 bushes
  8 plants (D:6)
12 creatures vanquished.

Grand Total: 195 creatures vanquished

Notes
Turn   | Place    | Note
-------+----------+-------------------------------------------
     0 | D:1      | Freyura the Gargoyle Fighter began the quest for the Orb.
     0 | D:1      | Reached XP level 1. HP: 14/14 MP: 1/1
   162 | D:1      | Reached XP level 2. HP: 19/19 MP: 2/2
   734 | D:2      | Reached XP level 3. HP: 14/24 MP: 3/3
   854 | D:2      | Found a bloodstained altar of Trog.
   855 | D:2      | Found a glowing golden altar of the Shining One.
   857 | D:2      | Found an iron altar of Okawaru.
  1337 | D:2      | Reached XP level 4. HP: 28/29 MP: 4/4
  1957 | D:3      | Reached skill level 3 in Maces & Flails
  1957 | D:3      | Reached XP level 5. HP: 25/33 MP: 5/5
  2515 | D:3      | Reached XP level 6. HP: 34/39 MP: 6/6
  2713 | D:4      | Noticed Robin
  2974 | D:4      | Killed Robin
  3048 | D:4      | Reached skill level 5 in Fighting
  3167 | D:4      | Reached skill level 4 in Maces & Flails
  3194 | D:4      | Found a white marble altar of Elyvilon.
  3250 | D:4      | Noticed Eustachio
  3280 | D:4      | Killed Eustachio
  3280 | D:4      | Reached skill level 5 in Armour
  3280 | D:4      | Reached skill level 5 in Shields
  3280 | D:4      | Reached XP level 7. HP: 23/44 MP: 7/7
  3752 | D:4      | Gained mutation: You are partially covered in slimy green
                  | scales. (AC +2) [potion of mutation]
  3752 | D:4      | Gained mutation: You have large cloven feet. [potion of
                  | mutation]
  3761 | D:5      | Entered Level 5 of the Dungeon
  4124 | D:5      | Reached skill level 5 in Maces & Flails
  4124 | D:5      | Reached XP level 8. HP: 45/51 MP: 8/8
  5093 | D:6      | Noticed Grinder
  5108 | D:6      | Paralysed by Grinder for 4 turns
  5114 | D:6      | Killed Grinder
  5117 | D:6      | Reached skill level 6 in Maces & Flails
  5468 | D:6      | Noticed Sigmund
  5472 | D:6      | Noticed a hippogriff
  5477 | D:6      | Killed Sigmund
  5488 | D:6      | Killed a hippogriff
  5488 | D:6      | Reached XP level 9. HP: 27/56 MP: 9/9
  6134 | D:6      | Found a blossoming altar of Fedhas.
  6278 | D:6      | Reached skill level 7 in Maces & Flails
  6278 | D:6      | Reached skill level 1 in Evocations
  6299 | D:6      | Reached skill level 1 in Dodging
  6533 | D:6      | Found a hide-covered altar of Uskayaw.
  7083 | D:7      | Found a shattered altar of Ashenzari.
  7098 | D:7      | Reached skill level 8 in Maces & Flails
  7098 | D:7      | Reached XP level 10. HP: 63/63 MP: 11/11
  7101 | D:7      | Became a worshipper of Ashenzari the Shackled
  7129 | D:7      | Found a glowing silver altar of Zin.
  7157 | D:7      | Found a blossoming altar of Fedhas.
  7225 | D:7      | Found a staircase to the Ecumenical Temple.
  7272 | Temple   | Entered the Ecumenical Temple
  7986 | D:7      | Found a radiant altar of Vehumet.
  7995 | D:7      | Found an ancient bone altar of Kikubaaqudgha.
  8004 | D:7      | Found a shimmering blue altar of Sif Muna.
  8039 | D:7      | Reached * piety under Ashenzari
  8074 | D:7      | Found a snail-covered altar of Cheibriados.
  8307 | D:8      | Noticed a white ugly thing
  8310 | D:8      | Noticed a two-headed ogre
  8326 | D:7      | Slain by a white ugly thing

Skill      XL: |  1  2  3  4  5  6  7  8  9 10 |
---------------+-------------------------------+-----
Fighting       | 4 5 6 7 |  7.8
Armour         | 4 5 6 7 |  7.8
Shields        | 4 5 6 7 |  7.8
Maces & Flails | 3 4 5 6 8 |  8.5
Evocations     | 2 3 |  3.0
Dodging        | 2 |  2.7

Action                   |  1- 3 |  4- 6 |  7- 9 | 10-12 || total
-------------------------+-------+-------+-------+-------++-------
Melee: Flail             |   118 |   246 |   497 |   182 ||  1043
Invok: Curse Item        |       |       |       |     7 ||     7
  Use: Scroll            |     1 |       |     5 |     1 ||     7
       Potion            |       |     1 |     3 |       ||     4
  Eat: Chunk             |     1 |     7 |     8 |     2 ||    18
       Ration            |       |       |     5 |       ||     5
Armor: Scale mail        |    64 |   232 |   241 |       ||   537
       Chain mail        |       |       |       |    85 ||    85
Dodge: Dodged            |    40 |   121 |   151 |    47 ||   359
Block: Shield            |    72 |   194 |   298 |   117 ||   681
